 Dungeon Crawl Stone Soup version 0.29-a0-1027-gcd8c55af63 (webtiles) character file.

Game seed: 15404297234749069384

90 Mesmaeker13 the Ducker (level 4, -2/31 HPs)
             Began as a Djinni Hedge Wizard on Aug 12, 2022.
             Killed from afar by a dart slug (4 damage)
             ... with a slug dart
             ... on level 3 of the Dungeon.
             The game lasted 00:02:33 (3343 turns).

Mesmaeker13 the Ducker (Djinni Hedge Wizard)        Turns: 3343, Time: 00:02:34

Health: -2/31      AC:  3    Str:  9    XL:     4   Next: 85%
Gold:   78         EV:  7    Int: 18    God:
                   SH:  0    Dex: 12

rFire   + + .      SeeInvis .   a - +1 dagger
rCold   x . .      Faith    .   (no shield)
rNeg    . . .      Spirit   .   b - +0 robe
rPois   ∞          Reflect  .   c - +0 hat
rElec   .          Harm     .   (no cloak)
rCorr   .          Rampage  .   m - +0 pair of gloves
Will    .....                   (boots unavailable)
Stlth   ++........              (no amulet)
HPRegen 0.10/turn               (no ring)
MPRegen 0.00/turn               (no ring)

@: flying, held
A: sickness immunity, fire resistance 2, cold vulnerability 1, float, innate
caster, HP casting, extra vitality 1
a: no special abilities


You were on level 3 of the Dungeon.
You visited 1 branch of the dungeon, and saw 3 of its levels.

You collected 78 gold pieces.

Inventory:

Hand Weapons
 a - a +1 dagger (weapon)
 p - the +10 dagger of Profit {vorpal, Fly rCorr Int-2 Dex+6}
   (You found it on level 3 of the Dungeon)

   It inflicts extra damage upon your enemies.
   Int:       It affects your intelligence (-2).
   Dex:       It affects your dexterity (+6).
   Fly:       It grants you flight.
   rCorr:     It protects you from acid and corrosion.
Missiles
 q - a throwing net
Armour
 b - a +0 robe (worn)
 c - a +0 hat (worn)
 m - a +0 pair of gloves (worn)
Scrolls
 d - a scroll of noise {unknown}
 e - a scroll of teleportation {unknown}
 f - a scroll of magic mapping {unknown}
 h - 4 scrolls of identify {unknown}
 o - a scroll of blinking {unknown}
Potions
 g - a potion of resistance {unknown}
 i - a potion of attraction {unknown}
 j - 2 potions of flight {unknown}
 k - 3 potions of curing {unknown}
 l - a potion of berserk rage {unknown}
 n - a potion of cancellation {unknown}


   Skills:
 + Level 3.4 Dodging
 + Level 2.6 Stealth
 + Level 3.0 Spellcasting


You couldn't memorise any spells.
You knew the following spells:

 Your Spells              Type           Power      Damage    Failure   Level
a - Magic Dart            Conj           52%        1d5       4%          1
b - Blink                 Tloc           26%        N/A       7%          2
c - Call Imp              Summ           13%        N/A       7%          2
d - Slow                  Hex            52%        N/A       4%          1
e - Conjure Flame         Conj/Fire      13%        6-21      14%         3
f - Mephitic Cloud        Conj/Pois/Air  13%        N/A       14%         3
g - Sandblast             Erth           26%        2d8       4%          1
Your spell library was empty.

Dungeon Overview and Level Annotations

Branches:
Dungeon (3/15)

Altars:

Annotations:
D:3 1 runed translucent door, rigao's ghost, amateur DgVM


Innate Abilities, Weirdness & Mutations

You are immune to sickness and miasma.
You are immune to poison.
Your flesh is very heat resistant. (rF++)
You are vulnerable to cold. (rC-)
You float through the air rather than walking.
You learn spells naturally, not from books.
Your magical power is your life essence.
You have superior vitality. (+4 MHP)


Message History

The slug dart hits you but does no damage.
The dart slug launches a dart at you. The slug dart hits you.
* * * LOW HITPOINT WARNING * * *
The dart slug launches a dart at you. The slug dart hits you.
* * * LOW HITPOINT WARNING * * *
A dart slug comes into view.
You hit the dart slug but do no damage. The dart slug misses you.
You hit the dart slug.
The dart slug is lightly wounded.
The dart slug bites you but does no damage.
You completely miss the dart slug.
The dart slug is lightly wounded.
Casting: Mephitic Cloud (quite dangerous; 14% risk of failure)
Confirm with . or Enter, or press ? or * to list all spells.
Aiming: Magic Dart (safe; 4% risk of failure)
Press: ? - help, Shift-Dir - straight line, f - dart slug
Aim: a dart slug (lightly wounded, 100% to hit)
The magic dart hits the dart slug.
The dart slug is heavily wounded.
* * * LOW HITPOINT WARNING * * *
The dart slug closely misses you.
You hit the dart slug.
The dart slug is heavily wounded.
The dart slug launches a dart at you. The slug dart misses you.
The dart slug bites you.
* * * LOW HITPOINT WARNING * * *
The dart slug launches a dart at you. The slug dart misses you.
You see here a rat corpse.
The dart slug launches a dart at you. The slug dart misses you.
The gnoll throws a throwing net.
The throwing net hits you.
You become entangled in the net!
You see here a throwing net.
You tear a large gash into the net.
The dart slug launches a dart at you. The slug dart hits you.
You die...

.##...## ##..#
#.# .......##
#..# #.#
........# #..#
#.# ...<†...#
#..# #.#
........###..#
#.# .......##
...# #>#
.##...##
.#.###.#
#######
#.....#
####^@## #
##..# # #†.# #
#..# ## #w.#
.# #w.# .#
#..## #.g.###
##.#...#


You could see a gnoll and 2 dart slugs.

Vanquished Creatures
  3 gnolls (D:3)
  2 adders
  A dart slug (D:3)
  4 bats
  3 endoplasms (D:1)
  A giant cockroach (D:1)
  A hobgoblin (D:2)
  4 jackals
  A quokka (D:1)
  6 ball pythons (D:1)
  5 frilled lizards
  5 kobolds
  5 rats
41 creatures vanquished.

Vanquished Creatures (collateral kills)
  A worm (D:2)
1 creature vanquished.

Grand Total: 42 creatures vanquished

Notes
Turn   | Place    | Note
-------+----------+-------------------------------------------
     0 | D:1      | Mesmaeker13 the Djinni Hedge Wizard began the quest for the
                  | Orb.
     0 | D:1      | Mesmaeker13 set off with the following spells memorised:
                  | Magic Dart, Blink, Call Imp, Slow, Conjure Flame, Mephitic
                  | Cloud.
     0 | D:1      | Reached XP level 1. HP: 15/15 MP: 0/0
   251 | D:1      | Reached XP level 2. HP: 10/21 MP: 0/0
   743 | D:1      | Found a faded altar of an unknown god.
  1538 | D:2      | Reached XP level 3. HP: 24/25 MP: 0/0
  1538 | D:2      | Learned a level 1 spell: Sandblast
  2549 | D:3      | Identified the +10 dagger of Profit {vorpal, Fly rCorr
                  | Int-2 Dex+6}
  2598 | D:3      | Reached XP level 4. HP: 12/31 MP: 0/0
  3251 | D:3      | Found a runed translucent door.
  3251 | D:3      | Noticed rigao's ghost (amateur DgVM)
  3343 | D:3      | Killed from afar by a dart slug

Illustrated notes

Levels and vault maps discovered:
D:1:      amcnicky_arrival_wind_blow, layout_basic,
          nicolae_ecumenical_snake_handling, minivault_26
D:2:      layout_loops_cross
D:3:      layout_rooms, kennysheep_ying_yang, gammafunk_ghost_grave,
          uniq_sigmund

Skill      XL: |  1  2  3  4 |
---------------+-------------+-----
Stealth        | 2 |  2.6
Dodging        | 3 |  3.4
Spellcasting   | 3 |  3.0

Action                   |  1- 3 |  4- 6 || total
-------------------------+-------+-------++-------
Melee: Dagger            |    11 |    13 ||    24
 Cast: Magic Dart        |    70 |    35 ||   105
       Mephitic Cloud    |     1 |     1 ||     2
       Call Imp          |     1 |       ||     1
       Sandblast         |     1 |       ||     1
  Use: Scroll            |     1 |       ||     1
Armor: Robe              |     5 |     8 ||    13
Dodge: Dodged            |     8 |    19 ||    27

Table legend: (Time is in decaauts)
 A = Elapsed time spent in this place.
 B = Non-inter-level travel time spent in this place.
 C = Inter-level travel time spent in this place.
 D = Time resting spent in this place.
 E = Time spent auto-exploring this place.
 F = Levels seen in this place.
 G = Mean time per level.
                   A        B        C        D        E       F      G
               +--------+--------+--------+--------+--------+-----+--------+
         Total |   3344 |   3249 |     95 |    609 |   2351 |   3 | 1114.7 |
       Dungeon |   3344 |   3249 |     95 |    609 |   2351 |   3 | 1114.7 |
               +--------+--------+--------+--------+--------+-----+--------+

Top non-repeatable levels by time:
     D:1: 1536 daAuts
     D:2: 1269 daAuts
     D:3: 538 daAuts
